Map: [G8] Gresvan

Players

Creator

  • Race: Protoss Protoss
  • Spawn Location: 5:00

Spirit - Winner!

  • Race: Terran Terran
  • Spawn Location: 11:00

Event: Gamers8 2023

VOD

Have the link to the VOD?

Description

Time

  • Played on: Aug. 4, 2023, 12:28 p.m.
  • Length: 49:44

All games in this series

Show
View Real Time Build Order
Export as new Build Order

Creator Protoss 

Build Orders: 1 Gate Expand, Carriers, Colossus Rush 

Get SALT Encoding   

  12  0:00  Probe  
  13  0:12  Probe  
  14  0:17  Pylon  
  14  0:24  Probe (Chrono Boost)  
  15  0:36  Probe (Chrono Boost)  
  15  0:38  Gateway  
  16  0:44  Probe (Chrono Boost)  
  16  0:46  Assimilator  
  17  0:51  Probe  
  18  1:03  Probe  
  19  1:15  Probe  
  20  1:25  Cybernetics Core  
  20  1:39  Nexus  
  20  1:47  Pylon  
  20  1:50  Probe  
  21  1:55  Assimilator  
  21  2:02  Adept (Chrono Boost), Probe  
  21  2:07  Warp Gate  
  24  2:14  Probe  
  25  2:23  Adept (Chrono Boost)  
  25  2:26  Probe  
  28  2:36  Robotics Facility  
  28  2:38  Probe  
  29  2:45  Adept  
  29  2:50  Probe (Chrono Boost)  
  32  3:02  Probe (Chrono Boost)  
  34  3:08  Probe (Chrono Boost)  
  34  3:11  Probe (Chrono Boost)  
  35  3:16  Probe x2 (Chrono Boost)  
  37  3:23  Observer (Chrono Boost)  
  39  3:27  Probe  
  39  3:29  Gateway, Probe  
  39  3:30  Gateway  
  39  3:34  Pylon  
  40  3:37  Observer (Chrono Boost)  
  40  3:39  Probe  
  40  3:41  Probe  
  43  3:51  Probe  
  43  3:53  Pylon, Probe  
  43  3:55  Stalker  
  47  4:03  Probe  
  47  4:05  Probe  
  47  4:06  Assimilator  
  47  4:08  Assimilator  
  49  4:10  Robotics Bay  
  49  4:15  Forge  
  49  4:17  Probe  
  49  4:21  Probe  
  49  4:22  Stalker  
  53  4:26  Stalker  
  53  4:29  Probe  
  56  4:32  Pylon  
  56  4:33  Probe  
  57  4:41  Stalker  
  57  4:43  Probe  
  60  4:48  Pylon  
  60  4:49  Protoss Ground Weapons Level 1  
  60  4:53  Probe  
  60  4:54  Colossus (Chrono Boost)  
  67  5:06  Extended Thermal Lance  
  67  5:16  Nexus  
  67  5:18  Sentry  
  67  5:19  Probe x2  
  71  5:24  Pylon  
  71  5:33  Colossus (Chrono Boost), Observer  
  71  5:36  Probe  
  71  5:42  Pylon, Probe  
  79  5:45  Sentry  
  79  5:46  Zealot, Shield Battery  
  79  5:49  Probe  
  84  5:54  Probe  
  85  6:00  Pylon  
  85  6:02  Probe  
  86  6:08  Probe  
  86  6:11  Warp Prism (Chrono Boost)  
  86  6:12  Twilight Council  
  86  6:14  Probe  
  86  6:16  Sentry  
  86  6:17  Zealot  
  93  6:20  Probe  
  94  6:26  Probe  
  94  6:29  Gateway  
  94  6:31  Gateway  
  95  6:35  Stalker  
  95  6:38  Shield Battery  
  97  6:41  Protoss Ground Armor Level 1  
  97  6:44  Colossus  
  103  6:48  Probe x3  
  103  6:49  Blink (Chrono Boost)  
  106  7:00  Observer  
  106  7:04  Stalker  
  106  7:05  Stalker x2  
  106  7:07  Pylon, Probe x2  
  114  7:09  Probe  
  114  7:10  Pylon  
  114  7:12  Pylon  
  115  7:25  Stalker  
  107  7:30  Probe (Chrono Boost)  
  107  7:32  Probe (Chrono Boost)  
  107  7:36  Nexus, Probe (Chrono Boost)  
  111  7:45  Probe x3 (Chrono Boost)  
  111  7:49  Probe (Chrono Boost)  
  113  7:52  Stalker x2  
  117  8:02  Immortal  
  117  8:05  Templar Archives  
  120  8:06  Probe x2  
  120  8:07  Probe  
  123  8:16  Assimilator  
  123  8:18  Pylon, Assimilator, Probe  
  123  8:19  Probe  
  126  8:20  Probe  
  126  8:24  Pylon  
  126  8:26  Pylon  
  126  8:28  Photon Cannon  
  126  8:35  Protoss Ground Weapons Level 2 (Chrono Boost), Probe x3  
  126  8:38  Immortal (Chrono Boost)  
  133  8:41  Photon Cannon  
  133  8:43  Charge  
  133  8:44  Gateway  
  133  8:57  Phoenix, Stalker  
  133  8:58  Gateway  
  133  9:00  Gateway, Shield Battery  
  133  9:01  Stalker  
  137  9:05  Zealot x3  
  143  9:12  Immortal (Chrono Boost)  
  143  9:17  Forge  
  143  9:18  Probe x4  
  147  9:32  Probe x4  
  147  9:34  High Templar  
  147  9:35  Zealot x2, High Templar  
  147  9:37  Pylon  
  159  9:40  Photon Cannon  
  159  9:41  Archon  
  159  9:42  Immortal (Chrono Boost)  
  163  9:56  Nexus  
  163  9:59  Assimilator  
  163  10:01  Assimilator  
  163  10:08  Protoss Ground Armor Level 2 (Chrono Boost)  
  163  10:11  Disruptor (Chrono Boost)  
  163  10:14  Photon Cannon, Shield Battery  
  166  10:15  Stargate  
  166  10:16  Probe  
  166  10:18  Pylon  
  166  10:19  Probe  
  167  10:26  Robotics Facility, Phoenix  
  167  10:31  Photon Cannon  
  167  10:33  Photon Cannon  
  167  10:38  Protoss Ground Weapons Level 3 (Chrono Boost)  
  167  10:39  Disruptor  
  170  10:43  Probe x4  
  170  10:44  Pylon  
  170  10:47  Zealot x2, High Templar x2  
  172  11:07  Photon Cannon, Fleet Beacon  
  172  11:08  Pylon  
  172  11:09  Stargate, Shield Battery  
  168  11:14  Psionic Storm, Disruptor  
  171  11:24  Protoss Air Weapons Level 1 (Chrono Boost)  
  171  11:25  Photon Cannon  
  171  11:26  Photon Cannon, Disruptor  
  171  11:27  Shield Battery  
  171  11:28  Shield Battery  
  171  11:31  Assimilator  
  170  11:36  Assimilator  
  156  11:47  Stalker x3  
  156  11:49  Disruptor  
  156  11:51  High Templar  
  165  11:56  Probe x5  
  170  12:05  Disruptor  
  170  12:07  Photon Cannon  
  173  12:08  Photon Cannon  
  173  12:14  Carrier (Chrono Boost), Gateway  
  179  12:16  Gateway  
  179  12:19  Protoss Ground Armor Level 3  
  179  12:20  Photon Cannon  
  179  12:23  Stargate  
  179  12:26  Observer  
  180  12:34  Gravitic Boosters  
  178  12:41  High Templar, Observer  
  181  12:47  Nexus  
  181  12:48  Pylon  
  181  12:50  Carrier (Chrono Boost)  
  187  13:02  Cybernetics Core, Dark Shrine  
  177  13:10  Carrier x2 (Chrono Boost)  
  185  13:26  Stalker x2  
  186  13:31  Gravitic Drive  
  179  13:35  Carrier (Chrono Boost)  
  179  13:37  Stalker x3  
  184  13:57  Carrier  
  184  13:58  Carrier  
  194  14:12  Protoss Air Weapons Level 2 (Chrono Boost), Stalker x2  
  194  14:13  Protoss Air Armor Level 1 (Chrono Boost)  
  186  14:35  Nexus  
  178  14:39  Nexus  
  178  14:56  Pylon  
  178  14:57  Pylon  
  178  14:58  Pylon  
  178  15:04  Shield Battery  
  178  15:07  Shield Battery  
  178  15:12  Pylon  
  181  15:14  Probe (Chrono Boost)  
  181  15:16  Observer  
  181  15:17  Probe x2 (Chrono Boost)  
  181  15:18  Dark Templar  
  184  15:26  Probe (Chrono Boost)  
  184  15:27  Carrier  
  192  15:30  Probe (Chrono Boost)  
  192  15:31  Observer  
  192  15:36  Observer  
  193  15:46  Protoss Shields Level 1  
  193  15:52  Pylon, Carrier  
  199  16:12  Observer  
  199  16:24  Photon Cannon  
  199  16:26  Photon Cannon  
  199  16:28  Photon Cannon  
  199  16:35  Nexus  
  199  16:37  Protoss Air Armor Level 2 (Chrono Boost)  
  199  16:39  Protoss Air Weapons Level 3 (Chrono Boost)  
  199  16:42  Gateway  
  199  16:43  Gateway  
  194  16:58  Stalker x2  
  194  16:59  Stalker x3  
  195  17:09  Carrier (Chrono Boost), Observer  
  195  17:29  Nexus  
  195  17:31  Observer  
  195  17:32  Observer  
  195  17:41  Pylon  
  195  17:43  Probe  
  195  17:44  Probe  
  195  17:50  Gateway  
  195  17:52  Observer  
  195  17:53  Warp Prism (Chrono Boost)  
  195  17:58  Observer (Chrono Boost)  
  198  18:07  Stargate  
  198  18:09  Dark Templar  
  198  18:10  Stargate  
  200  18:18  Photon Cannon  
  200  18:20  Photon Cannon  
  200  18:43  Observer  
  199  18:55  Gateway  
  199  18:56  Gateway  
  199  18:59  Gateway  
  199  19:16  Observer  
  193  19:25  Tempest  
  193  19:28  Tempest x2  
  193  19:29  Unknown  
  198  19:43  Assimilator  
  198  19:45  Assimilator  
  198  19:50  Photon Cannon  
  198  19:51  Archon, Shield Battery  
  198  19:54  Shield Battery  
  198  19:55  Shield Battery  
  198  19:59  Oracle  
  195  20:16  Tempest  
  197  20:24  Dark Templar  
  199  20:42  Protoss Air Armor Level 3 (Chrono Boost), Nexus  
  197  20:47  Pylon  
  197  20:48  Tempest x2  
  189  21:01  Tempest x2  
  199  21:13  Protoss Shields Level 2 (Chrono Boost)  
  199  21:23  Shadow Stride (Chrono Boost)  
  193  21:40  Photon Cannon  
  193  21:42  Photon Cannon  
  193  21:44  Photon Cannon  
  193  21:45  Shield Battery  
  193  21:47  Shield Battery  
  193  21:48  Shield Battery  
  193  21:49  Tempest  
  193  21:51  Observer, Shield Battery  
  193  21:53  Dark Templar  
  198  22:00  Assimilator  
  198  22:07  Shield Battery  
  198  22:09  Photon Cannon, Shield Battery  
  198  22:10  Shield Battery  
  198  22:13  Dark Templar  
  198  22:19  Dark Templar  
  194  22:27  Dark Templar x2  
  196  22:44  Assimilator  
  194  22:53  Mothership (Chrono Boost)  
  199  23:08  Photon Cannon  
  199  23:10  Shield Battery  
  199  23:11  Pylon  
  197  23:28  Flux Vanes  
  197  23:29  Stargate  
  193  23:35  Oracle (Chrono Boost)  
  193  23:40  Observer  
  200  23:47  Void Ray (Chrono Boost)  
  200  23:53  Pylon  
  200  23:55  Shield Battery  
  200  23:57  Photon Cannon  
  200  23:59  Photon Cannon  
  200  24:00  Photon Cannon  
  200  24:01  Protoss Shields Level 3 (Chrono Boost)  
  200  24:09  Photon Cannon  
  200  24:11  Shield Battery  
  200  24:14  Shield Battery  
  200  24:16  Shield Battery  
  200  24:17  Shield Battery  
  200  24:20  Shield Battery  
  200  24:21  Shield Battery  
  200  24:22  Photon Cannon  
  200  24:24  Shield Battery  
  200  24:44  Gateway x2  
  191  24:53  Observer (Chrono Boost)  
  191  24:59  Observer (Chrono Boost)  
  192  25:06  Observer (Chrono Boost)  
  191  25:11  Oracle  
  195  25:25  Pylon  
  195  25:31  Shield Battery  
  195  25:35  Tempest  
  194  25:42  Dark Templar  
  194  25:54  Shield Battery  
  192  25:57  Pylon  
  192  26:02  Tempest  
  192  26:03  Dark Templar x2  
  199  26:08  Void Ray, Archon  
  190  26:21  Observer  
  195  26:30  Dark Templar x2  
  195  26:31  Void Ray  
  199  26:34  Archon  
  199  26:35  Observer  
  193  26:50  Dark Templar x4  
  199  26:55  Observer  
  199  26:58  Void Ray (Chrono Boost)  
  200  27:01  Archon x2  
  200  27:02  Observer  
  197  27:10  Observer  
  197  27:13  Shield Battery  
  197  27:15  Shield Battery  
  190  27:18  Photon Cannon  
  190  27:19  Void Ray (Chrono Boost)  
  197  27:38  Void Ray (Chrono Boost)  
  197  27:52  Observer x2  
  197  27:54  Photon Cannon  
  200  27:59  Photon Cannon  
  200  28:02  Void Ray  
  200  28:12  Observer  
  198  28:17  Oracle  
  198  28:26  Observer  
  198  28:29  Shield Battery  
  198  28:32  Photon Cannon, Shield Battery  
  197  28:38  Pylon, Dark Templar  
  198  28:51  Photon Cannon  
  198  28:53  Photon Cannon  
  198  28:54  Observer  
  199  28:59  Dark Templar  
  199  29:00  Dark Templar  
  199  29:04  Archon  
  193  29:15  Tempest  
  188  29:21  Stalker x5  
  188  29:22  Stalker x7  
  192  29:34  High Templar x2  
  192  29:41  Oracle  
  181  29:52  Tempest x3  
  194  29:54  Observer  
  194  29:58  Void Ray  
  194  30:03  Observer  
  194  30:12  Photon Cannon, Nexus, Observer  
  194  30:13  Photon Cannon  
  194  30:14  Photon Cannon  
  194  30:20  Pylon  
  198  30:23  Shield Battery  
  198  30:25  Void Ray, Shield Battery  
  198  30:26  Shield Battery  
  198  30:48  Assimilator  
  198  30:53  Assimilator  
  196  31:09  Shield Battery  
  196  31:11  Shield Battery  
  196  31:13  Shield Battery  
  196  31:14  Shield Battery  
  196  31:15  Shield Battery  
  196  31:18  Shield Battery  
  196  31:20  Shield Battery  
  196  31:22  Shield Battery  
  196  31:23  Photon Cannon  
  196  31:25  Pylon  
  188  32:06  Shield Battery  
  188  32:08  Carrier (Chrono Boost), Shield Battery  
  188  32:13  Void Ray (Chrono Boost)  
  193  32:32  Photon Cannon  
  193  32:33  Photon Cannon  
  193  32:34  Shield Battery  
  193  32:36  Shield Battery  
  187  32:38  Observer  
  187  32:39  Observer  
  187  32:41  Carrier, Tempest  
  191  32:59  Dark Templar x2  
  191  33:04  Void Ray  
  193  33:08  Archon  
  170  33:21  Tempest x2  
  172  33:27  Void Ray  
  172  33:29  Observer  
  172  33:35  Oracle  
  172  33:39  High Templar x2  
  179  33:43  Disruptor  
  182  33:56  Observer  
  182  33:59  Oracle  
  186  34:04  Void Ray  
  186  34:06  Dark Templar  
  186  34:09  Oracle  
  191  34:11  Oracle, Observer  
  194  34:28  Carrier  
  200  34:33  Nexus  
  200  34:40  Pylon  
  200  34:42  Pylon, Assimilator  
  200  34:46  Shield Battery  
  200  34:47  Shield Battery  
  200  34:48  Shield Battery  
  200  34:52  Shield Battery  
  200  34:53  Shield Battery  
  200  34:55  Shield Battery  
  200  34:57  Shield Battery  
  200  34:58  Shield Battery  
  200  35:07  Photon Cannon  
  200  35:08  Photon Cannon  
  200  35:12  Photon Cannon  
  200  35:14  Shield Battery  
  194  35:23  Oracle x2  
  194  35:25  Photon Cannon  
  200  35:31  Photon Cannon  
  199  35:41  High Templar  
  188  35:54  Oracle, Tempest  
  188  35:55  Tempest  
  192  36:01  Void Ray  
  193  36:06  Void Ray  
  191  36:45  Archon  
  191  37:01  Shield Battery  
  191  37:02  Shield Battery  
  191  37:03  Shield Battery  
  191  37:04  Disruptor (Chrono Boost), Sentry  
  191  37:05  Shield Battery  
  196  37:09  Observer (Chrono Boost)  
  185  37:27  Observer (Chrono Boost)  
  194  37:38  Void Ray x2  
  192  37:58  Assimilator  
  190  38:01  Observer  
  190  38:10  Tempest  
  193  38:13  Carrier  
  193  38:16  Void Ray x2  
  199  38:44  Shield Battery  
  199  38:45  Shield Battery  
  199  38:48  Shield Battery  
  199  38:51  Shield Battery  
  199  38:53  Photon Cannon  
  199  38:55  Pylon  
  197  38:57  Pylon  
  197  39:25  Shield Battery  
  197  39:26  Shield Battery  
  197  39:28  Shield Battery  
  190  39:37  High Templar  
  192  39:39  Observer  
  192  39:52  Void Ray  
  196  39:54  Pylon  
  196  39:59  Dark Templar x2  
  196  40:15  Archon  
  200  40:27  Void Ray  
  200  40:28  Shield Battery  
  200  40:30  Photon Cannon  
  200  40:31  Shield Battery  
  200  40:33  Shield Battery  
  193  41:08  Dark Templar x2  
  197  41:27  Pylon, Nexus  
  197  41:29  Assimilator  
  197  41:43  Observer  
  197  41:46  Assimilator  
  197  41:49  Shield Battery x2  
  197  41:51  Photon Cannon  
  192  42:17  Pylon  
  192  42:23  Observer  
  193  42:37  Shield Battery x2  
  193  42:38  Shield Battery  
  193  42:39  Photon Cannon  
  193  42:41  Shield Battery  
  193  42:42  Observer  
  189  42:54  Observer  
  184  43:15  Observer  
  181  43:31  Probe  
  181  43:32  Probe x2  
  184  43:34  Pylon  
  181  43:54  Photon Cannon  
  181  43:55  Photon Cannon  
  181  43:56  Shield Battery  
  181  43:57  Shield Battery  
  181  43:58  Probe x3  
  184  44:03  Observer  
  184  44:04  Oracle  
  178  44:40  Shield Battery  
  178  44:42  Photon Cannon  
  178  44:55  Probe x2  
  180  45:08  Pylon  
  180  45:10  Observer  
  165  45:47  Zealot x11  
  165  45:48  Zealot  
  165  45:49  Zealot x5  
  199  45:56  Photon Cannon, Shield Battery  
  199  46:03  Oracle  
  200  46:10  Shield Battery  
  197  46:11  Shield Battery  
  197  46:17  Shield Battery  
  197  46:30  Shield Battery  
  194  46:37  Shield Battery  
  192  46:46  Observer  
  183  46:53  Probe  
  183  46:54  Probe x3  
  176  46:59  Probe  
  178  47:05  Probe  
  179  47:13  Observer  
  180  47:25  Pylon  
  152  48:25  Observer  
Show
View Real Time Build Order
Export as new Build Order

Spirit Terran - Winner!

Build Orders: Reaper Expand 

Get SALT Encoding   

  12  0:00  SCV  
  13  0:12  SCV  
  14  0:17  Supply Depot  
  14  0:24  SCV  
  15  0:38  SCV  
  15  0:39  Barracks  
  16  0:45  Refinery  
  16  0:50  SCV  
  17  1:03  SCV  
  18  1:06  Engineering Bay  
  18  1:15  SCV  
  19  1:28  Orbital Command  
  19  1:31  Reaper  
  20  1:45  Command Center  
  20  1:55  Supply Depot  
  20  1:57  SCV  
  21  2:02  Marine  
  22  2:09  SCV  
  22  2:13  Factory  
  23  2:20  Marine  
  23  2:21  SCV  
  25  2:23  Bunker  
  25  2:32  Refinery  
  25  2:33  SCV  
  26  2:40  Barracks Reactor  
  26  2:45  SCV  
  27  2:57  SCV  
  28  2:59  Orbital Command  
  28  3:04  Starport  
  28  3:05  Widow Mine  
  29  3:09  SCV  
  30  3:16  Marine x2  
  30  3:19  Barracks  
  32  3:22  SCV  
  32  3:25  SCV  
  34  3:28  Widow Mine  
  34  3:34  Marine, SCV, Supply Depot  
  37  3:36  Marine  
  37  3:39  SCV  
  40  3:44  Medivac  
  40  3:46  SCV  
  43  3:49  Factory Tech Lab  
  43  3:51  SCV  
  43  3:52  Marine  
  43  3:54  Marine  
  46  3:57  Supply Depot  
  47  4:04  Barracks  
  47  4:08  Siege Tank  
  47  4:09  SCV  
  50  4:10  SCV  
  50  4:16  Starport Tech Lab  
  51  4:17  Barracks Tech Lab  
  51  4:19  Marine  
  51  4:21  SCV  
  51  4:22  SCV  
  51  4:23  Engineering Bay  
  54  4:27  Refinery  
  54  4:29  Marine  
  55  4:33  SCV  
  55  4:34  SCV, Supply Depot  
  55  4:38  Raven  
  60  4:45  SCV  
  60  4:46  SCV  
  60  4:51  Missile Turret  
  61  4:57  SCV  
  61  4:58  Refinery, SCV  
  61  4:59  Terran Infantry Weapons Level 1  
  63  5:02  Stimpack  
  63  5:09  SCV  
  63  5:10  SCV  
  63  5:12  Supply Depot  
  63  5:13  Factory Reactor  
  65  5:19  Marauder, Marine  
  65  5:20  Marine  
  69  5:22  SCV  
  70  5:28  Supply Depot  
  70  5:33  SCV  
  70  5:34  Marauder, SCV, Starport Reactor  
  74  5:36  Supply Depot  
  74  5:42  Command Center  
  74  5:43  Marine  
  74  5:44  Marauder  
  74  5:45  SCV  
  74  5:48  Combat Shield  
  78  5:50  Marine, SCV  
  78  5:54  Supply Depot  
  80  5:57  SCV  
  80  5:59  Marauder  
  80  6:00  Supply Depot  
  80  6:01  Marine  
  80  6:02  SCV  
  85  6:05  Marauder  
  85  6:08  Marine  
  85  6:11  Medivac, Armory  
  90  6:14  Widow Mine  
  90  6:15  Widow Mine  
  90  6:17  Medivac  
  96  6:21  Marauder  
  98  6:26  SCV x2  
  98  6:31  Supply Depot  
  98  6:32  Marauder, Marine  
  102  6:34  Supply Depot  
  102  6:37  Widow Mine x2  
  106  6:42  Marauder, Concussive Shells  
  108  6:49  Medivac  
  108  6:52  Medivac, Marine  
  108  6:53  Barracks  
  113  6:56  Terran Infantry Armor Level 1, SCV x2  
  113  6:57  Supply Depot  
  113  7:02  Marauder  
  113  7:08  SCV  
  111  7:13  Barracks  
  111  7:16  SCV, Orbital Command  
  111  7:19  Viking  
  111  7:22  Viking  
  116  7:24  Marine  
  116  7:25  Marauder  
  117  7:30  Marine, SCV x2  
  117  7:31  Marauder  
  117  7:33  Bunker  
  117  7:35  Bunker  
  122  7:42  Marauder, Marine, SCV x2  
  127  7:44  Ghost Academy, SCV  
  127  7:46  Marauder  
  127  7:47  Supply Depot  
  127  7:48  Marine  
  127  7:50  Supply Depot  
  127  7:54  SCV x2, Engineering Bay  
  127  7:56  SCV  
  130  7:59  Marauder  
  130  8:00  Marine  
  130  8:01  Barracks Reactor  
  130  8:03  Marine  
  130  8:06  Marine, SCV x2  
  130  8:10  Marauder  
  136  8:15  Refinery  
  136  8:16  Viking, Refinery  
  136  8:17  Viking  
  136  8:18  Marine  
  140  8:20  Marauder  
  140  8:21  Marine  
  143  8:31  Marauder, Terran Infantry Weapons Level 2  
  145  8:34  Supply Depot  
  145  8:38  Ghost  
  145  8:39  Marine x2  
  145  8:40  Ghost  
  151  8:42  Marine x2  
  153  8:53  Marauder  
  153  8:54  Terran Infantry Armor Level 2  
  155  8:56  Marine, Supply Depot  
  155  8:57  Command Center, Supply Depot  
  155  9:00  SCV x2  
  155  9:01  Terran Ship Weapons Level 1  
  155  9:02  Medivac  
  160  9:06  SCV  
  160  9:08  Marauder, Marine  
  144  9:10  Marauder  
  144  9:13  Medivac  
  138  9:17  SCV  
  138  9:20  Sensor Tower, SCV  
  138  9:21  Marauder, Marine  
  143  9:25  SCV  
  143  9:30  Marauder  
  146  9:32  Marauder, Medivac  
  146  9:35  SCV x2  
  146  9:37  Missile Turret  
  146  9:38  Marine x2  
  152  9:42  Ghost  
  152  9:43  SCV  
  152  9:44  Marine  
  152  9:45  Marine  
  159  9:50  Starport  
  158  9:54  SCV  
  158  9:55  Marine, SCV, Missile Turret  
  158  9:56  Marauder  
  158  9:57  Marine, Refinery  
  158  9:58  Refinery  
  162  10:00  Medivac  
  162  10:05  SCV  
  162  10:06  SCV  
  162  10:07  SCV  
  167  10:08  Missile Turret  
  167  10:11  Medivac, Marauder, Planetary Fortress  
  170  10:14  Marine  
  170  10:15  Marauder  
  170  10:17  SCV  
  170  10:19  Marine, SCV  
  170  10:20  Marauder  
  178  10:25  SCV  
  178  10:27  Sensor Tower, Marine  
  179  10:32  Marauder, Marine  
  179  10:35  Marine  
  183  10:36  Marauder  
  183  10:39  Viking  
  183  10:41  Marauder  
  189  10:42  Fusion Core  
  189  10:45  Marine  
  189  10:47  Marine  
  191  10:54  Marauder, Command Center  
  193  10:58  Marauder  
  193  11:00  Marine  
  193  11:02  Marauder  
  196  11:06  Barracks x2  
  196  11:07  Barracks  
  196  11:10  Liberator x2  
  200  11:13  Terran Ship Weapons Level 2  
  200  11:26  Terran Infantry Weapons Level 3  
  200  11:31  Advanced Ballistics  
  194  11:36  Liberator x2  
  192  11:49  Ghost x3  
  192  11:51  Barracks x2  
  192  11:53  Liberator, Barracks  
  198  11:58  SCV x2  
  200  12:04  Missile Turret  
  200  12:07  Terran Infantry Armor Level 3  
  200  12:10  Missile Turret  
  200  12:11  Sensor Tower  
  200  12:19  Personal Cloaking  
  198  12:31  Supply Depot  
  198  12:32  Liberator  
  198  12:35  Planetary Fortress  
  198  12:36  Starport  
  200  12:47  Barracks Tech Lab x2  
  200  12:48  Barracks Tech Lab  
  200  12:51  Missile Turret  
  200  12:52  Missile Turret  
  200  12:55  Missile Turret  
  200  12:58  Missile Turret  
  200  13:00  Missile Turret  
  200  13:01  Command Center  
  197  13:38  Viking  
  199  13:44  Nuke  
  199  13:47  Liberator  
  198  13:51  Viking  
  198  13:53  Terran Ship Weapons Level 3  
  198  13:54  Starport  
  191  14:03  Neosteel Armor  
  189  14:16  Viking x2  
  192  14:21  Viking  
  194  14:30  Viking  
  178  14:43  Marine x7  
  178  14:44  Marine, Hi-Sec Auto Tracking  
  182  14:46  Viking x2  
  182  14:48  SCV  
  182  14:50  SCV x2  
  182  14:51  Viking  
  191  14:52  Refinery  
  191  14:57  Nuke, Starport Reactor  
  191  14:59  Starport Reactor  
  191  15:00  Viking  
  191  15:04  SCV, Armory  
  194  15:07  SCV x2  
  194  15:10  Command Center  
  196  15:16  Viking x2  
  200  15:22  Planetary Fortress  
  200  15:25  Fusion Core  
  200  15:26  Refinery, Command Center, Weapon Refit  
  200  15:27  Starport  
  200  15:29  Starport  
  200  15:32  Missile Turret  
  200  15:48  Viking  
  192  16:00  Viking  
  192  16:01  Terran Vehicle And Ship Armor Level 1  
  194  16:08  Starport Tech Lab x2  
  194  16:12  Command Center  
  194  16:14  Starport  
  194  16:18  Nuke  
  194  16:24  Refinery  
  194  16:31  Battlecruiser  
  200  16:38  Orbital Command  
  200  16:40  Refinery  
  179  17:02  Battlecruiser  
  179  17:03  Starport Tech Lab  
  183  17:24  Battlecruiser  
  189  17:33  Orbital Command x2  
  189  17:34  Starport  
  189  17:35  Battlecruiser  
  195  17:40  Missile Turret x2  
  195  17:41  Missile Turret  
  195  17:42  Nuke  
  185  17:54  Command Center  
  185  17:55  Command Center  
  185  17:57  Terran Vehicle And Ship Armor Level 2  
  183  18:04  Missile Turret x2  
  183  18:05  Command Center, Missile Turret x2  
  183  18:06  Missile Turret  
  183  18:07  Battlecruiser  
  183  18:11  Missile Turret x2  
  189  18:21  Terran Vehicle Weapons Level 1  
  189  18:22  Rapid Reignition System  
  189  18:24  Ghost Academy, Starport Tech Lab  
  189  18:27  Missile Turret  
  189  18:28  Battlecruiser  
  189  18:33  Ghost x5  
  198  19:06  Barracks Tech Lab  
  196  19:12  Battlecruiser  
  196  19:44  Orbital Command  
  200  19:53  Battlecruiser  
  199  20:00  Refinery  
  199  20:01  Refinery  
  199  20:03  Command Center  
  197  20:11  Battlecruiser  
  199  20:14  Terran Vehicle And Ship Armor Level 3  
  199  20:23  Missile Turret  
  199  20:27  Missile Turret  
  196  20:32  Missile Turret  
  196  20:34  Command Center  
  190  20:36  Command Center  
  190  20:39  Command Center  
  195  20:42  Battlecruiser  
  195  20:43  Battlecruiser  
  195  20:48  Factory Tech Lab  
  194  20:52  Battlecruiser  
  194  20:56  Command Center  
  200  21:01  Terran Vehicle Weapons Level 2  
  200  21:06  Command Center  
  200  21:09  Missile Turret  
  200  21:16  Command Center  
  190  21:25  Viking, Battlecruiser  
  195  21:32  Missile Turret  
  194  21:48  Orbital Command  
  194  21:50  Command Center  
  194  21:51  Missile Turret  
  194  22:07  Battlecruiser, Missile Turret  
  194  22:08  Missile Turret x2  
  200  22:10  Missile Turret x2  
  200  22:11  Sensor Tower, Missile Turret  
  190  22:38  Viking  
  190  22:39  Viking x4  
  200  23:05  Nuke  
  200  23:06  Orbital Command  
  200  23:07  Ghost Academy  
  200  23:11  Missile Turret  
  200  23:13  Planetary Fortress  
  199  23:21  Planetary Fortress  
  197  23:51  Missile Turret  
  197  23:53  Missile Turret  
  195  24:04  Missile Turret  
  195  24:05  SCV x5, Missile Turret  
  200  24:11  Sensor Tower  
  200  24:13  Missile Turret  
  199  24:30  Missile Turret  
  199  24:31  Missile Turret  
  199  24:38  Command Center  
  199  24:42  Command Center  
  199  24:51  Missile Turret  
  199  24:52  Missile Turret  
  197  25:09  Ghost Academy, Refinery  
  197  25:14  Nuke x2  
  197  25:18  Missile Turret  
  197  25:19  Command Center  
  197  25:21  Missile Turret  
  197  25:22  Missile Turret  
  193  25:57  Missile Turret x2  
  191  25:58  Missile Turret  
  191  25:59  Missile Turret x4  
  188  26:08  Missile Turret  
  188  26:10  Battlecruiser  
  185  26:12  Battlecruiser  
  190  26:19  Missile Turret  
  190  26:23  SCV x10  
  194  26:30  Missile Turret  
  194  26:35  SCV  
  194  26:38  Missile Turret x2  
  192  26:41  Sensor Tower, Battlecruiser  
  195  26:47  SCV x5  
  195  26:49  Nuke  
  195  26:50  Orbital Command  
  199  27:00  Nuke  
  198  27:17  Refinery, Missile Turret  
  198  27:27  Supply Depot  
  198  27:33  Command Center  
  198  27:38  Missile Turret  
  198  27:39  Ghost  
  200  28:00  Missile Turret  
  200  28:02  Nuke  
  197  28:13  Ghost  
  199  28:29  Ghost  
  199  28:40  Missile Turret  
  199  28:44  Missile Turret  
  199  28:47  Missile Turret x3  
  199  28:48  Missile Turret  
  199  28:49  Missile Turret  
  199  28:55  Sensor Tower  
  196  29:22  Battlecruiser  
  182  29:31  Battlecruiser  
  182  29:33  Battlecruiser  
  192  29:51  Viking x6  
  200  29:56  Ghost  
  200  29:59  Ghost x5  
  200  30:06  Nuke  
  200  30:17  Planetary Fortress  
  200  30:21  Missile Turret  
  200  30:22  Missile Turret  
  197  30:39  Viking, Missile Turret  
  197  30:40  Viking  
  200  30:44  Missile Turret  
  200  30:46  Missile Turret  
  200  30:47  Missile Turret  
  200  30:48  Missile Turret  
  200  31:03  Refinery  
  200  31:06  Refinery, Missile Turret  
  200  31:08  Sensor Tower, Nuke  
  200  31:09  Nuke  
  200  31:11  Command Center, Missile Turret  
  200  31:18  Sensor Tower, Missile Turret  
  200  31:43  Command Center  
  200  32:02  Sensor Tower  
  200  32:20  Missile Turret  
  196  32:22  Missile Turret  
  195  32:37  Missile Turret  
  194  32:45  Viking x3  
  194  32:48  Missile Turret  
  200  32:57  Nuke x2  
  200  33:05  Command Center  
  198  33:21  Viking  
  198  33:31  Viking  
  200  33:39  Planetary Fortress  
  198  33:58  Ghost  
  200  34:22  Missile Turret  
  200  34:27  Missile Turret  
  200  34:30  Nuke  
  200  34:38  Refinery  
  200  34:41  Orbital Command  
  200  34:49  Missile Turret x2  
  200  34:51  Missile Turret  
  199  34:53  Sensor Tower  
  199  34:54  Missile Turret  
  199  35:00  Refinery  
  199  35:08  Missile Turret  
  199  35:15  Command Center  
  199  35:16  Command Center  
  199  35:26  Missile Turret x2  
  199  35:27  Missile Turret x2  
  199  35:30  Missile Turret  
  199  35:46  Missile Turret  
  199  35:48  Missile Turret  
  199  35:49  Missile Turret  
  198  35:50  Command Center  
  198  36:06  Missile Turret  
  192  36:11  Viking  
  192  36:14  Battlecruiser  
  200  36:19  Missile Turret x2  
  200  36:23  Battlecruiser  
  200  36:26  Missile Turret  
  199  36:36  Battlecruiser  
  199  36:42  Planetary Fortress  
  199  36:53  Missile Turret  
  199  36:56  Missile Turret  
  199  36:58  Missile Turret  
  199  36:59  Missile Turret  
  199  37:06  Nuke  
  197  37:19  Viking  
  199  37:27  Missile Turret  
  199  37:29  Missile Turret  
  199  37:43  Command Center  
  199  37:58  Missile Turret  
  195  38:18  Planetary Fortress  
  194  38:22  Missile Turret  
  194  38:36  Missile Turret  
  194  38:37  Missile Turret  
  194  38:39  Battlecruiser  
  196  38:53  Missile Turret  
  196  38:59  Missile Turret  
  196  39:08  Nuke  
  196  39:13  Missile Turret  
  196  39:20  Missile Turret  
  196  39:32  Smart Servos  
  196  39:41  Command Center  
  196  39:43  Command Center  
  196  39:48  Nuke  
  196  39:56  Missile Turret  
  196  40:12  Nuke  
  196  40:19  Missile Turret  
  196  40:22  Missile Turret  
  196  40:27  Sensor Tower  
  196  40:28  Missile Turret  
  196  40:37  Missile Turret  
  196  40:48  Missile Turret  
  194  40:53  Battlecruiser  
  193  41:14  Missile Turret  
  191  41:20  Orbital Command  
  191  41:24  Battlecruiser  
  196  41:49  Missile Turret  
  196  41:51  Missile Turret  
  196  41:52  Missile Turret  
  196  41:55  Nuke x2  
  196  41:59  Missile Turret  
  196  42:03  Missile Turret  
  195  42:20  Ghost x2  
  198  42:22  Missile Turret  
  198  42:33  Viking  
  197  42:44  Missile Turret x2  
  197  42:45  Missile Turret  
  197  42:49  Ghost  
  198  42:52  Ghost  
  199  42:59  Nuke x2  
  199  43:07  Missile Turret  
  197  43:22  Viking  
  199  43:43  Missile Turret  
  199  43:46  Viking  
  189  44:32  Viking x5  
  199  44:51  Missile Turret  
  199  44:52  Missile Turret x2  
  199  44:54  Missile Turret  
  196  45:19  Battlecruiser x2  
  196  45:26  Nuke x2  
  194  45:33  Viking x3, Battlecruiser  
  200  46:10  Sensor Tower  
  192  46:31  Orbital Command  
  192  47:00  Battlecruiser  
  197  47:25  Nuke  
  177  47:57  Viking  
  127  49:25  Marine x4  
Tags
 
Add a new tag
Caveats
  • Supply blocks, unpowered buildings, or Contaminate may cause inaccurate times.
  • Supply counts are checked every 10 seconds.